 Dungeon Crawl Stone Soup version 0.30-a0-354-g6b83867211 (webtiles) character file.

Game seed: 16633714484681746810

151 mopl the Slasher (level 5, -20/31 HPs)
             Began as a Tengu Warper on Nov 7, 2022.
             Killed from afar by Ijyb (21 damage)
             ... with a bolt of acid
             ... on level 3 of the Dungeon.
             The game lasted 00:03:52 (1864 turns).

mopl the Slasher (Tengu Warper)                     Turns: 1864, Time: 00:03:53

Health: -20/31     AC:  1    Str: 13    XL:     5   Next: 33%
Magic:  9/9        EV: 13    Int: 14    God:
Gold:   89         SH:  0    Dex: 13    Spells: 6/8 levels left

rFire   . . .      SeeInvis .    a - +0 falchion
rCold   . . .      Faith    .    (no shield)
rNeg    . . .      Spirit   .    k - +0 ring mail
rPois   .          Reflect  .    (helmet restricted)
rElec   .          Harm     .    (no cloak)
rCorr   .          Rampage  .    (no gloves)
Will    .....                    (boots unavailable)
Stlth   +.........               (no amulet)
HPRegen 0.25/turn                (no ring)
MPRegen 0.11/turn                (no ring)

@: mighty, corroded, flying quickly and evasively, quick
A: beak, talons 3, nimble flight
a: no special abilities


You were on level 3 of the Dungeon.
You visited 1 branch of the dungeon, and saw 3 of its levels.

You collected 89 gold pieces.

Inventory:

Hand Weapons
 a - a +0 falchion (weapon)
Missiles
 d - 7 boomerangs of dispersal
 h - 6 poisoned darts (quivered)
Armour
 k - a +0 ring mail (worn)
Jewellery
 j - a ring of ice
Scrolls
 c - a scroll of blinking
 e - 4 scrolls of identify {unknown}
 f - a scroll of butterflies {unknown}
 g - a scroll of vulnerability {unknown}
 l - a scroll of summoning {unknown}
 n - 3 scrolls of immolation {unknown}
Potions
 b - a potion of brilliance {unknown}
 i - a potion of curing {unknown}
 m - a potion of might
 o - a potion of attraction {unknown}


   Skills:
 + Level 2.5 Fighting
 * Level 3.4 Long Blades
 + Level 1.7 Throwing
 + Level 1.9 Armour
 + Level 2.7 Dodging
 + Level 2.3 Spellcasting
 * Level 3.2 Translocations


You had 6 spell levels left.
You knew the following spells:

 Your Spells              Type           Power      Damage    Failure   Level
e - Blink                 Tloc           20%        N/A       21%         2

Your spell library contained the following spells:

 Spells                   Type           Power      Damage    Failure   Level
 Lesser Beckoning         Tloc           20%        N/A       36%         3
 Teleport Other           Tloc           10%        N/A       36%         3
 Vhi's Electric Charge    Tloc/Air       12%        N/A       58%         3
 Manifold Assault         Tloc           10%        N/A       78%         4


Dungeon Overview and Level Annotations

Branches:
Dungeon (3/15)

Altars:

Shops:
D:1 *=(

Annotations:
D:3 Ijyb


Innate Abilities, Weirdness & Mutations

You have a beak for a mouth.
You have claws for feet.
Your magical nature lets you fly swiftly and evasively.


Message History

You start resting.
HP restored.
You fly downwards.
Level annotation: Ijyb
There is a stone staircase leading up, spattered with blood here.
You aren't carrying any items that you can evoke.
Unknown command.
Throw: 7 darts (poison)
Press: ? - help, Q - select action, (/) - cycle Shift-Dir - straight line, f - Ijyb
Aim: Ijyb, wielding a +0 club, wearing a +1 leather armour of positive energy and carrying a wand of acid (3) (50% to hit)
You throw a poisoned dart. The poisoned dart hits Ijyb.
Ijyb is poisoned.
Unknown command.
You hit Ijyb but do no damage. Ijyb hits you but does no damage.
You miss Ijyb. Ijyb hits you with a +0 club.
You hit Ijyb.
Ijyb is lightly wounded.
Ijyb hits you with a +0 club.
Ijyb zaps a wand.
The bolt of acid hits you!!
Ouch! That really hurt!
* * * LOW HITPOINT WARNING * * *
You are too injured to fight recklessly!
You hit Ijyb but do no damage. Your kick misses Ijyb.
You peck Ijyb, but do no damage.
Ijyb is lightly wounded.
Ijyb misses you.
You barely miss Ijyb. Your kick misses Ijyb.
Ijyb is lightly wounded.
Ijyb looks more healthy.
Ijyb closely misses you.
You barely miss Ijyb.
Ijyb is moderately wounded.
Ijyb misses you.
It was a potion of might.
You feel very mighty all of a sudden.
Ijyb zaps a wand.
The bolt of acid hits you!
* * * LOW HITPOINT WARNING * * *
The acid corrodes you!
You barely miss Ijyb.
Ijyb is moderately wounded.
Ijyb zaps a wand.
The bolt of acid hits you!!
Ouch! That really hurt!
You die...

# ###
################### ..#
#.)......gg@).....#
..####)###############.#
.......# #.# ..###..#
#o# ..# #..# #o# ###
#..# #.# # #..# ..# #
#).# o## # #... .


You could see Ijyb and a goblin.

Vanquished Creatures
  An orc wizard (D:3)
  5 adders (D:2)
  4 dart slugs
  4 orcs
  7 bats
  8 endoplasms
  2 giant cockroaches (D:1)
  5 goblins
  4 hobgoblins
  4 jackals (D:1)
  3 quokkas
  5 ball pythons
  5 frilled lizards
  7 kobolds
  2 rats
66 creatures vanquished.

Vanquished Creatures (others)
  A goblin (D:3)
1 creature vanquished.

Grand Total: 67 creatures vanquished

Notes
Turn   | Place    | Note
-------+----------+-------------------------------------------
     0 | D:1      | mopl the Tengu Warper began the quest for the Orb.
     0 | D:1      | Reached XP level 1. HP: 12/12 MP: 4/4
    73 | D:1      | Reached XP level 2. HP: 17/17 MP: 6/6
   109 | D:1      | Found a faded altar of an unknown god.
   125 | D:1      | Found a faded altar of an unknown god.
   247 | D:1      | Learned a level 2 spell: Blink
   326 | D:1      | Found Cac Felo's Weapon Boutique.
   337 | D:1      | Reached XP level 3. HP: 21/21 MP: 7/7
   389 | D:1      | Found Ziukh's Assorted Antiques.
   402 | D:1      | Found Sinedots's Jewellery Shoppe.
   944 | D:2      | Reached XP level 4. HP: 23/26 MP: 8/8
  1043 | D:2      | Reached skill level 3 in Long Blades
  1188 | D:2      | Reached skill level 3 in Translocations
  1531 | D:3      | Gained mutation: Your magical nature lets you fly swiftly
                  | and evasively. [Tengu growth]
  1531 | D:3      | Reached XP level 5. HP: 30/31 MP: 9/9
  1745 | D:3      | Noticed Ijyb
  1863 | D:3      | HP: 1/31 [Ijyb/bolt of acid (8)]
  1864 | D:3      | Killed from afar by Ijyb

Illustrated notes

Levels and vault maps discovered:
D:1:      kennysheep_arrival_forest, layout_loops_ring, serial_shops,
          nicolae_shop_bloodbath_and_beyond, shop, shop,
          hellmonk_ecumenical_altar_the_god_not_taken
D:2:      minmay_chambers_of_ones, layout_rooms, minmay_randomly_rotated_circles
D:3:      kennysheep_the_goblin_king, layout_loops_ring,
          mainiacjoe_overflow_boulevard, uniq_jessica, uniq_grinder

Skill      XL: |  1  2  3  4 |
---------------+-------------+-----
Long Blades    | 3 |  3.4
Translocations | 3 |  3.2
Fighting       | |  2.5
Throwing       | |  1.7
Armour         | |  1.9
Dodging        | |  2.7
Spellcasting   | |  2.3

Action                   |  1- 3 |  4- 6 || total
-------------------------+-------+-------++-------
Melee: Falchion          |    74 |    92 ||   166
       Kick              |    23 |    12 ||    35
       Peck              |    11 |    12 ||    23
       Punch             |       |     1 ||     1
Throw: Dart              |     1 |     1 ||     2
  Use: Potion            |       |     1 ||     1
 Stab: Sleeping          |     2 |       ||     2
Armor: Leather armour    |    21 |     1 ||    22
       Ring mail         |       |    19 ||    19
Dodge: Dodged            |    51 |    63 ||   114

Table legend: (Time is in decaauts)
 A = Elapsed time spent in this place.
 B = Non-inter-level travel time spent in this place.
 C = Inter-level travel time spent in this place.
 D = Time resting spent in this place.
 E = Time spent auto-exploring this place.
 F = Levels seen in this place.
 G = Mean time per level.
                   A        B        C        D        E       F      G
               +--------+--------+--------+--------+--------+-----+--------+
         Total |   1876 |   1796 |     80 |    241 |   1051 |   3 |  625.3 |
       Dungeon |   1876 |   1796 |     80 |    241 |   1051 |   3 |  625.3 |
               +--------+--------+--------+--------+--------+-----+--------+

Top non-repeatable levels by time:
     D:2: 900 daAuts
     D:1: 756 daAuts
     D:3: 219 daAuts
